 Dungeon Crawl Stone Soup version 0.29.1-13-g9f3cf754e1 (webtiles) character file.

Game seed: 12303588794657811212

761 croobank the Covert (level 7, -1/50 HPs)
             Began as an Octopode Delver on Jan 25, 2023.
             Was an Initiate of Gozag.
             Engulfed by a cloud of flame (12 damage)
             ... on level 5 of the Dungeon.
             The game lasted 00:13:46 (4619 turns).

croobank the Covert (Octopode Delver)               Turns: 4619, Time: 00:13:47

Health: -1/50      AC:  1    Str:  9 (11) XL:     7   Next: 80%
Magic:  7/7        EV: 16    Int: 12 (13) God:    Gozag
Gold:   237        SH:  0    Dex: 21 (23) Spells: 6/6 levels left

rFire   + . .      SeeInvis .   e - +3 hand axe (elec)
rCold   . . .      Faith    .   (no shield)
rNeg    . . .      Spirit   .   (helmet restricted)
rPois   .          Reflect  .   (no amulet)
rElec   .          Harm     .   h - +6 ring of dexterity
rCorr   .          Rampage  .   p - ring of protection from fire
Will    .....      Clarity  +   (no ring)
Stlth   +++++.....              (no ring)
HPRegen 0.16/turn               (no ring)
MPRegen 0.10/turn               (no ring)
                                (no ring)
                                (no ring)

@: gold aura
A: almost no armour, amphibious, 8 rings, camouflage 1, gelatinous body 1,
(nimble swimmer 1), tentacles, agile 1, clarity
a: Renounce Religion, Potion Petition, Call Merchant, Bribe Branch


You were on level 5 of the Dungeon.
You worshipped Gozag.
Gozag was aware of your devotion.
You visited 2 branches of the dungeon, and saw 6 of its levels.

You collected 329 gold pieces.
You paid 92 gold pieces to Gozag.

Inventory:

Hand Weapons
 a - a +0 hand axe
 e - a +3 hand axe of electrocution (weapon)
 g - a +0 scythe of distortion
 k - a +0 dagger
 m - a +1 vorpal long sword
 r - a +0 war axe
Missiles
 l - 8 poisoned darts (quivered)
Jewellery
 h - a +6 ring of dexterity (left tentacle)
 p - a ring of protection from fire (right tentacle)
Wands
 f - a wand of digging (8)
Scrolls
 b - a scroll of fog
 c - 2 scrolls of magic mapping
 j - a scroll of enchant armour
 s - a scroll of immolation
 t - a scroll of identify
Potions
 d - a potion of attraction
 i - 3 potions of brilliance
 o - 4 potions of lignification
 q - 2 potions of magic
 v - a potion of flight


   Skills:
 + Level 5.1 Fighting
 + Level 4.5 Axes
 + Level 4.5 Dodging
 + Level 9.0 Stealth


You had 6 spell levels left.
You didn't know any spells.
Your spell library contained the following spells:

 Spells                   Type           Power      Damage    Failure   Level
 Magic Dart               Conj           0%         1d3       32%         1
 Call Imp                 Summ           0%         N/A       45%         2
 Scorch                   Fire           0%         2d5       45%         2
 Conjure Flame            Conj/Fire      0%         6-21      69%         3
 Ignite Poison            Fire/Tmut/Pois 0%         N/A       69%         3
 Mephitic Cloud           Conj/Pois/Air  0%         N/A       69%         3
 Flame Wave               Conj/Fire      0%         2d4       97%         4
 Sticky Flame             Conj/Fire      0%         2d3       97%         4
 Summon Cactus Giant      Summ           0%         N/A       100%        6


Dungeon Overview and Level Annotations

Branches:
Dungeon (5/15)             Temple (1/1) D:4

Altars:
Gozag
Hepliaklqana
Makhleb
Uskayaw
Yredelemnul


Innate Abilities, Weirdness & Mutations

You cannot wear most types of armour.
You are amphibious.
You can wear up to eight rings at the same time.
Your skin changes colour to match your surroundings (Stealth+).
Your rubbery body absorbs attacks. (AC +1, EV +1)
((You are camouflaged when in or above water. (Stealth+)))
You have tentacles for arms and can constrict up to eight enemies at once.
You are agile. (Dex +4, Str/Int -1)
You possess an exceptional clarity of mind.


Message History

The orc priest is distracted by your dazzling golden aura.
The orc is no longer distracted by gold.
You hit the adder. Your grab misses the adder.
The adder is lightly wounded.
The adder misses you. The adder bites you.
You slash the adder! You grab the adder. You squeeze the adder.
You kill the adder!
You slash the orc!
You kill the orc!
You completely miss the orc. Your grab misses the orc. You squeeze the orc.
The orc is severely wounded.
The orc priest is no longer distracted by gold.
The orc hits you with a +0 mace!
You closely miss the orc. Your grab misses the orc.
The orc is severely wounded.
The orc misses you.
You barely miss the orc. You grab the orc.
You tentacle-slap the orc, but do no damage.
The orc is severely wounded.
You constrict the orc. The orc barely misses you.
Okay, then.
Okay, then.
You hit the orc.
You kill the orc!
Really read the scroll of immolation?
As you read the scroll of immolation, it crumbles to dust.
The creatures around you are filled with an inner flame!
The orc hits you with a +0 dagger.
You hit the orc.
Flame seeps out of the orc.
You grab the orc. You squeeze the orc.
The orc explodes!
The fiery explosion engulfs you! You resist.
* * * LOW HITPOINT WARNING * * *
You feel a bit more experienced.
The fiery explosion engulfs the orc priest!!!
The orc priest explodes!
You hear an explosion!
You are engulfed in blazing flames.
You resist.
You die...
Your body crumbles into a pile of gold.

#.#..# . #.#..# .#
#.#..# .. #.#.$ .#
#.#.# # .###
#######.#$#######$#
...#
#..........#......#
...####.##............#
...........###..@#.$#.#
...####.#### ##.#○§§#
...# #.# #.§.§§## ...#
#.# #####§# ...# #.#
... ...# #.. †..$ ....
..# .†..$. ..... ...
.._...$ ...###
.†.[...#.


There were no monsters in sight!

Vanquished Creatures
  Sigmund (D:3)
  A black bear (D:5)
  A necrophage (D:5)
  A quasit (D:4)
  3 hounds
  2 orc priests (D:5)
  3 iguanas
  An orc wizard (D:5)
  Robin (D:4)
  A gnoll (D:1)
  8 adders
  2 shadow imps (D:4)
  An ufetubus (D:4)
  A worm (D:3)
  A dart slug (D:3)
  17 orcs
  2 bats
  8 endoplasms
  3 giant cockroaches
  20 goblins
  5 hobgoblins
  3 quokkas
  6 ball pythons
  5 frilled lizards
  4 kobolds
  3 rats
104 creatures vanquished.

Vanquished Creatures (others)
  2 demonic plants (D:4)
2 creatures vanquished.

Grand Total: 106 creatures vanquished

Notes
Turn   | Place    | Note
-------+----------+-------------------------------------------
     0 | D:5      | croobank the Octopode Delver began the quest for the Orb.
     0 | D:5      | Reached XP level 1. HP: 16/16 MP: 1/1
    13 | D:5      | Reached XP level 2. HP: 20/21 MP: 2/2
   105 | D:4      | Noticed Robin
   582 | D:2      | Found a faded altar of an unknown god.
   589 | D:2      | Reached XP level 3. HP: 14/26 MP: 3/3
   592 | D:2      | Reached skill level 7 in Stealth
  1541 | D:1      | Reached XP level 4. HP: 31/31 MP: 4/4
  2609 | D:3      | Noticed Sigmund
  2612 | D:3      | Killed Sigmund
  2613 | D:3      | Reached XP level 5. HP: 37/37 MP: 5/5
  2613 | D:3      | Reached XP level 6. HP: 43/43 MP: 6/6
  2753 | D:3      | Reached skill level 8 in Stealth
  3473 | D:4      | Gained mutation: You are agile. (Dex +4, Str/Int -1)
                  | [potion of mutation]
  3473 | D:4      | Gained mutation: You possess an exceptional clarity of
                  | mind. [potion of mutation]
  3498 | D:4      | Killed Robin
  3681 | D:4      | Found a staircase to the Ecumenical Temple.
  3701 | Temple   | Entered the Ecumenical Temple
  3716 | Temple   | Became a worshipper of Gozag Ym Sagoz the Greedy
  3744 | D:4      | Reached XP level 7. HP: 48/49 MP: 7/7
  4401 | D:5      | Found a basalt altar of Yredelemnul.
  4607 | D:5      | Reached skill level 5 in Fighting
  4607 | D:5      | Reached skill level 9 in Stealth
  4607 | D:5      | Found a hide-covered altar of Uskayaw.
  4619 | D:5      | Engulfed by a cloud of flame

Illustrated notes

Levels and vault maps discovered:
D:1:      grunt_arrival_crossed_arrows, layout_loops_ring
D:2:      layout_basic, ebering_ecumenical_altar_box,
          kennysheep_decorative_pillar, minmay_crystal_water,
          kennysheep_generic_room_3
D:3:      layout_rooms, uniq_sigmund
D:4:      layout_cave_pools, minmay_temple_entry_offerings, serial_demonic,
          serial_demonic_b, serial_demonic_f, serial_demonic_g,
          serial_demonic_f, nicolae_figureground_pulse, uniq_robin
D:5:      layout_loops_ring, kennysheep_mini,
          nicolae_uskayaw_murder_on_the_dancefloor,
          mainiacjoe_overflow_large_starburst, uniq_blork_the_orc
Temple:   nicolae_temple_great_sept

Skill      XL: |  1  2  3  4  5  6  7 |
---------------+----------------------+-----
Stealth        | 7 8 9 |  9.0
Fighting       | 4 5 |  5.1
Axes           | 3 4 |  4.5
Dodging        | 3 4 |  4.5

Action                   |  1- 3 |  4- 6 |  7- 9 || total
-------------------------+-------+-------+-------++-------
Melee: Hand axe          |    43 |   102 |    33 ||   178
       Constrict         |    10 |    27 |     9 ||    46
       Tentacles         |     8 |    28 |    11 ||    47
       Punch             |       |       |     2 ||     2
Throw: Dart              |       |     2 |     1 ||     3
Evoke: Wand              |     1 |     3 |       ||     4
  Use: Potion            |     3 |     7 |       ||    10
       Scroll            |     1 |     8 |     4 ||    13
 Stab: Sleeping          |     9 |    11 |     1 ||    21
       Distracted        |     1 |       |       ||     1
Armor: Skin              |     2 |    46 |     1 ||    49
Dodge: Dodged            |    31 |    73 |    23 ||   127
